cohdb
Replays
Latest Replays
All Replays
Popular Replays
Top Player Replays
Match Explorer
How It Works
Community
CoH3 Stats
Reddit
Sign in to upload your games and track your stats! →
Sign in with Steam
Match 39493043
Unlisted
Match 39493043
Overview
Messages
Build Orders
End
Construct Infanterie Kompanie
Selects Terror Battlegroup
MG 42 Machine Gun Team
Grenadier Squad
GrW 34 Mortar Team
Grenadier Squad
Construct Panzergrenadier Kompanie
Selects Heavy Gunnery
251 Medium Carrier
Panzergrenadier Squad
Medical Bunker
Panzergrenadier Squad
Selects Contempt for the Weak
Pioneer Squad
Selects Defend the Fatherland
Construct Panzer Kompanie
Panzer IV Medium Tank
Selects Jericho Trumpet
Support Elements
Nebelwerfer 42 Rocket Launcher Team
Medical Station
Selects V1 Rocket Strike
Nebelwerfer 42 Rocket Launcher Team
Panzer IV Medium Tank
Jericho Trumpet
Panzergrenadier Squad
Pak 40 Anti-tank Gun Team
Jericho Trumpet
Selects King Tiger Heavy Tank
King Tiger Heavy Tank
V1 Rocket Strike
wila
LittleFatty233
V F4U C
Particycles
banksss33
Milliam
0
0
Comments
sign in to comment!
No comments posted yet!